AoeStats
← Megaman

Glade

510860531Analyzed
1v1 RM · 14h ago on Oct 2, 2026· 56m 58s· 2 players
Game mode
Random Map
Map size
Tiny (2 player)
Population
200
Speed
Normal
Resources
Standard
Victory
Conquest
Starting age
Dark Age
Ending age
Imperial Age
RankedLock teamsTeams togetherTeam positionsShared explorationLock speedFull tech treeHidden civsTurbo modeCheats
Victory
Defeat
🇺🇸 Romans · United States
786
+17
🇩🇪 Franks · Germany
812
-17
Megaman
9:49 Loom
12:40 Feudal Age
13:19 Double-Bit Axe
12:59 Man-at-Arms
16:36 Forging
16:28 Scale Mail Armor
19:41 Wheelbarrow
19:03 Gold Mining
21:41 Horse Collar
30:18 Castle Age
29:56 Stone Mining
30:32 Bloodlines
30:21 Pikeman
31:07 Squires
31:12 Husbandry
31:33 Hand Cart
31:21 Heavy Plow
31:34 Bow Saw
32:05 Gold Shaft Mining
33:34 Long Swordsman
35:28 Fletching
38:23 Bodkin Arrow
41:19 Iron Casting
41:57 Chain Mail Armor
49:13 Ballistics
55:15 Imperial Age
55:48 Scale Barding Armor
57:11 Town Watch
56:49 Capped Ram
marius.zwei91
7:55 Loom
10:59 Feudal Age
15:14 Castle Age
13:50 Double-Bit Axe
15:26 Forging
19:36 Iron Casting
24:46 Elite Skirmisher
47:45 Pikeman
49:36 Stone Mining
Connection lost

Rejoining the realm…

Still unreachable

The connection could not be restored.

Session expired

The server has moved on; the page needs a fresh start.